 Dungeon Crawl Stone Soup version 0.26-a0-1129-gc5df7fbe6a (webtiles) character file.

Game seed: 4998646628878255057

1246 jiml777 the Magician (level 8, -8/41 HPs)
             Began as a Deep Elf Air Elementalist on Dec 18, 2020.
             Was a Believer of Sif Muna.
             Killed from afar by Dowan (9 damage)
             ... with a stone arrow
             ... on level 5 of the Dungeon.
             The game lasted 00:36:44 (6224 turns).

jiml777 the Magician (Deep Elf Air Elementalist)    Turns: 6224, Time: 00:36:45

Health: -8/41      AC:  4    Str:  5    XL:     8   Next: 25%
Magic:  0/21       EV: 13    Int: 23    God:    Sif Muna [**....]
Gold:   220        SH:  0    Dex: 15    Spells: 12/22 levels left

rFire    . . .     SeeInvis .   a - +2 dagger (venom)
rCold    . . .     Faith    .   (no shield)
rNeg     . . .     Spirit   +   m - +0 robe
rPois    +         Reflect  .   y - +0 helmet (curse)
rElec    .         Harm     .   (no cloak)
rCorr    .         Rampage  .   (no gloves)
Will     .....                  j - +0 pair of boots
Stlth    ++........             i - amulet of guardian spirit
HPRegen  0.13/turn              o - ring of poison resistance
MPRegen  0.17/turn              p - ring of stealth

@: swift, glowing, very quick
A: no striking features
a: Renounce Religion, Channel Magic


You were on level 5 of the Dungeon.
You worshipped Sif Muna.
Sif Muna was pleased with you.
You visited 1 branch of the dungeon, and saw 5 of its levels.

You collected 220 gold pieces.

Inventory:

Hand Weapons
 a - a +2 dagger of venom (weapon)
 c - a +0 short sword
 e - a +2 vorpal hunting sling
Missiles
 b - 41 arrows
 f - 153 stones
 g - 8 poisoned darts
 k - 24 sling bullets
Armour
 j - a +0 pair of boots (worn)
 m - a +0 robe (worn)
 y - a cursed +0 helmet (worn)
Jewellery
 i - an amulet of guardian spirit (around neck)
 o - a ring of poison resistance (left hand)
 p - a ring of stealth (right hand)
Wands
 w - a wand of flame (21)
Scrolls
 n - 4 scrolls of magic mapping
 s - a scroll of enchant armour {unknown}
 t - a scroll of remove curse {unknown}
 u - 2 scrolls of blinking
 z - 2 scrolls of teleportation
Potions
 d - 5 potions of curing
 h - a potion of might {unknown}
 l - 2 potions of heal wounds
 q - 2 potions of berserk rage {unknown}
 r - a potion of lignification
 v - a potion of degeneration {unknown}
 x - a potion of haste {unknown}


   Skills:
 + Level 0.1 Fighting
 + Level 3.1 Dodging
 + Level 3.3 Stealth
 + Level 7.8 Spellcasting
 * Level 4.4 Conjurations
 + Level 5.9 Air Magic
 * Level 3.3 Invocations
 * Level 2.5 Evocations


You had 12 spell levels left.
You knew the following spells:

 Your Spells              Type           Power        Failure   Level
a - Shock                 Conj/Air       100%         1%          1
b - Swiftness             Air            36%          1%          2
c - Static Discharge      Conj/Air       33%          2%          3
d - Airstrike             Air            18%          6%          4

Your spell library contained the following spells:

 Spells                   Type           Power        Failure   Level
 Magic Dart               Conj           100%         1%          1
 Searing Ray              Conj           58%          1%          2
 Dazzling Flash           Conj/Hex       38%          9%          3
 Lightning Bolt           Conj/Air       16%          22%         5
 Fulminant Prism          Conj/Hex       9%           28%         4
 Iskenderun's Mystic Bla  Conj/Tloc      19%          28%         4


Dungeon Overview and Level Annotations

Branches:
Dungeon (5/15)             Temple (0/1) D:4

Altars:
Hepliaklqana
Nemelex Xobeh
Ru
Sif Muna
Trog

Annotations:
D:5 Dowan


Message History

The zap hits Duvessa but does no damage.
Duvessa is almost dead.
The zap hits Duvessa!
You kill Duvessa!
Sif Muna accepts your kill.
Dowan seems overcome with grief, but rights himself reflexively soon after.
Dowan seems to find hidden reserves of power!
Casting: Shock (safe; 1% risk of failure)
Confirm with . or Enter, or press ? or * to list all spells.
You feel quick.
Dowan hits you with a +2 dagger of protection.
Dowan hits you with a +2 dagger of protection.
Dowan gestures at you while chanting. The shard of ice hits you!
Dowan gestures at you while chanting. The stone arrow hits you!
* * * LOW HITPOINT WARNING * * *
Dowan points at you and mumbles some strange words.
The stone arrow hits you!
You die...

....### .###.)###
######..### .
......##..### ..
........##..### ##..
.........##.e.#####..#
.........####......#
..........# ###...##
..........# ##@##
.........## #..#
........## #.##
#......## #.# #.## #.
.. ... #..#


You could see Dowan (fast).

Vanquished Creatures
  Grinder (D:3)
  Prince Ribbit (D:5)
  Eustachio (D:4)
  Edmund (D:4)
  A water moccasin (D:4)
  Duvessa (D:5)
  An ogre (D:3)
  A centaur zombie (D:5)
  Jessica (D:3)
  Ijyb (D:4)
  A worker ant (D:5)
  Robin (D:4)
  3 adders
  5 oozes
  2 adder skeletons
  2 worms
  5 dart slugs
  3 leopard geckos
  12 orcs (D:3)
  10 bats
  3 giant cockroaches
  11 goblins
  11 hobgoblins
  3 jackals (D:3)
  10 kobolds
  2 ball pythons
  5 frilled lizards
  A quokka zombie (D:3)
  4 rats
104 creatures vanquished.

Notes
Turn   | Place    | Note
-------+----------+-------------------------------------------
     0 | D:1      | jiml777 the Deep Elf Air Elementalist began the quest for
                  | the Orb.
     0 | D:1      | Reached XP level 1. HP: 10/10 MP: 6/6
   255 | D:1      | Reached XP level 2. HP: 15/15 MP: 6/8
   984 | D:1      | Reached XP level 3. HP: 19/19 MP: 6/9
  1455 | D:2      | Found a shimmering blue altar of Sif Muna.
  1467 | D:2      | Became a worshipper of Sif Muna the Loreminder
  1844 | D:2      | Found a sparkling altar of Nemelex Xobeh.
  2129 | D:3      | Found a hazy altar of Hepliaklqana.
  2337 | D:3      | Learned a level 2 spell: Swiftness
  2341 | D:3      | Learned a level 3 spell: Static Discharge
  2542 | D:3      | Noticed Jessica
  2548 | D:3      | Killed Jessica
  2549 | D:3      | Reached XP level 4. HP: 24/24 MP: 5/11
  2599 | D:3      | Reached skill level 4 in Spellcasting
  2685 | D:3      | Found a bloodstained altar of Trog.
  2694 | D:3      | Noticed an ogre
  2737 | D:3      | HP: 1/24 [ogre/+0 giant club (6)]
  2749 | D:3      | Killed an ogre
  2750 | D:3      | Reached XP level 5. HP: 3/28 MP: 1/14
  3137 | D:3      | Learned a level 4 spell: Airstrike
  3200 | D:3      | Reached * piety under Sif Muna
  3923 | D:3      | Reached skill level 5 in Spellcasting
  4146 | D:3      | Noticed Grinder
  4179 | D:3      | Paralysed by Grinder for 2 turns
  4187 | D:3      | Killed Grinder
  4188 | D:3      | Reached skill level 1 in Invocations
  4188 | D:3      | Reached XP level 6. HP: 30/32 MP: 13/16
  4404 | D:4      | Found a staircase to the Ecumenical Temple.
  4458 | D:4      | Noticed Ijyb
  4460 | D:4      | Killed Ijyb
  4461 | D:4      | Reached skill level 6 in Spellcasting
  4567 | D:4      | Noticed Eustachio
  4572 | D:4      | Killed Eustachio
  4572 | D:4      | Reached ** piety under Sif Muna
  4573 | D:4      | Reached skill level 5 in Air Magic
  4573 | D:4      | Reached XP level 7. HP: 36/36 MP: 0/18
  4814 | D:4      | Noticed Robin
  4818 | D:4      | Killed Robin
  5225 | D:4      | Noticed Edmund
  5274 | D:4      | Killed Edmund
  5683 | D:5      | Entered Level 5 of the Dungeon
  5687 | D:5      | Reached skill level 1 in Evocations
  5762 | D:5      | Noticed Dowan
  5767 | D:5      | Noticed Duvessa
  5771 | D:4      | Reached skill level 7 in Spellcasting
  5987 | D:5      | Found a sacrificial altar of Ru.
  6094 | D:5      | Noticed Prince Ribbit
  6127 | D:5      | Killed Prince Ribbit
  6128 | D:5      | Reached XP level 8. HP: 41/41 MP: 4/21
  6213 | D:5      | Killed Duvessa
  6223 | D:5      | HP: 1/41 [Dowan/stone arrow (13)]
  6224 | D:5      | Killed from afar by Dowan

Illustrated notes

Levels and vault maps discovered:
D:1:      minmay_arrival_four_houses, layout_basic
D:2:      layout_rooms, lemuel_crystal_altar, marbit_many_paths
D:3:      layout_basic, bloody_trog, nicolae_overflow_crystal_walls,
          portal_sewer_entry_f, minivault_27, minmay_misc_feat_diagonals,
          st_stairs_12, corexii_item_surrounded_by_moat, uniq_grinder,
          uniq_jessica
D:4:      layout_loops_corners, minmay_temple_entry_arrows,
          hangedman_abyss_or_decor_stabs, uniq_robin, uniq_eustachio, uniq_ijyb,
          uniq_edmund
D:5:      layout_cave_pods, general_overflow_altar, gammafunk_ghost_icy,
          nicolae_ru_the_path_less_chosen, uniq_blork_the_orc,
          uniq_prince_ribbit1, uniq_duvessa

Skill      XL: |  1  2  3  4  5  6  7 |
---------------+----------------------+-----
Conjurations   | 2 3 4 |  4.4
Spellcasting   | 4 5 6 7 |  7.8
Stealth        | 3 |  3.3
Dodging        | 3 |  3.1
Air Magic      | 4 5 |  5.9
Invocations    | 1 2 3 |  3.3
Evocations     | 2 |  2.5
Fighting       | |  0.1

Action                   |  1- 3 |  4- 6 |  7- 9 || total
-------------------------+-------+-------+-------++-------
Melee: Short sword       |       |     1 |       ||     1
       Dagger            |       |     3 |       ||     3
 Cast: Shock             |    77 |    71 |    22 ||   170
       Swiftness         |       |     1 |     3 ||     4
       Airstrike         |       |    11 |    23 ||    34
  Use: Scroll            |     7 |     1 |     1 ||     9
       Potion            |       |     3 |     1 ||     4
Armor: Robe              |     2 |     1 |     2 ||     5
       Skin              |       |     2 |       ||     2
Dodge: Dodged            |     6 |    16 |     8 ||    30

Table legend: (Time is in decaauts)
 A = Elapsed time spent in this place.
 B = Non-inter-level travel time spent in this place.
 C = Inter-level travel time spent in this place.
 D = Time resting spent in this place.
 E = Time spent auto-exploring this place.
 F = Levels seen in this place.
 G = Mean time per level.
                   A        B        C        D        E       F      G
               +--------+--------+--------+--------+--------+-----+--------+
         Total |   6223 |   6089 |    134 |   2012 |   2993 |   5 | 1244.6 |
       Dungeon |   6223 |   6089 |    134 |   2012 |   2993 |   5 | 1244.6 |
               +--------+--------+--------+--------+--------+-----+--------+

Top non-repeatable levels by time:
     D:3: 2223 daAuts
     D:4: 1467 daAuts
     D:1: 1382 daAuts
     D:2: 737 daAuts
     D:5: 412 daAuts
